 Dungeon Crawl Stone Soup version 0.30.1-11-g7821555f0a (webtiles) character file.

Game seed: 450984359563053835

53 SacredBeard the Vexing (level 3, 0/20 HPs)
             Began as a Deep Elf Hexslinger on Oct 30, 2023.
             Killed from afar by a dart slug (5 damage)
             ... with a slug dart
             ... on level 3 of the Dungeon.
             The game lasted 00:02:31 (641 turns).

SacredBeard the Vexing (Deep Elf Hexslinger)         Turns: 641, Time: 00:02:31

Health: 0/20       AC:  2    Str:  7    XL:     3   Next: 62%
Magic:  8/8        EV: 13    Int: 17    God:
Gold:   56         SH:  0    Dex: 17    Spells: 5/6 levels left

rFire   . . .        a - +1 sling
rCold   . . .        (no shield)
rNeg    . . .        c - +0 robe
rPois   .            (no helmet)
rElec   .            (no cloak)
rCorr   .            (no gloves)
SInv    .            (no boots)
Will    .....        (no amulet)
Stlth   ++           (no ring)
HPRegen 0.23/turn    (no ring)
MPRegen 0.11/turn

%: no passive effects
@: no status effects
A: no striking features
a: no special abilities


You were on level 3 of the Dungeon.
You visited 1 branch of the dungeon, and saw 3 of its levels.

You collected 56 gold pieces.

Inventory:

Hand Weapons
 a - a +1 sling (weapon)
Armour
 c - a +0 robe (worn)
Scrolls
 b - 2 scrolls of poison
 d - 2 scrolls of identify {unknown}
 e - a scroll of fear {unknown}
Potions
 f - a potion of cancellation {unknown}
 g - a potion of degeneration {unknown}
 h - 2 potions of flight {unknown}


   Skills:
 - Level 1.0 Fighting
 * Level 4.0 Ranged Weapons
 + Level 3.0 Dodging
 + Level 2.4 Spellcasting
 + Level 4.5 Hexes


You had 5 spell levels left.
You knew the following spells:

 Your Spells              Type           Power      Damage    Failure   Level
a - Slow                  Hex            68%        N/A       3%          1

Your spell library contained the following spells:

 Spells                   Type           Power      Damage    Failure   Level
 Necrotise                Necr           8%         1d4       19%         1
 Inner Flame              Hex/Fire       9%         N/A       22%         3
 Portal Projectile        Hex/Tloc       18%        N/A       22%         3
 Cause Fear               Hex            8%         N/A       28%         4
 Vampiric Draining        Necr           2%         2d6       50%         3
 Agony                    Necr           2%         N/A       99%         5


Dungeon Overview and Level Annotations

Branches:
Dungeon (3/15) Zot: 17339

Altars:

Annotations:
D:2 Robin


Message History

The goblin hits you with a +0 dagger.
You slide downwards.
The hatch slams shut behind you.
The hobgoblin shouts!
You hear an angry hiss.
Found a dagger, a ring mail and a whip.
You are too injured to fight recklessly!
You are too injured to fight recklessly!
You are too injured to fight recklessly!
You shoot a sling bullet.
The sling bullet barely misses the goblin.
The goblin barely misses you. The goblin hits you with a +0 dagger.
You shoot a sling bullet. The sling bullet hits the goblin.
You kill the goblin!
A dart slug comes into view.
Your Ranged Weapons skill increases to level 4!
You are too injured to fight recklessly!
Fire: a) +1 sling
Press: ? - help, Shift-Dir - straight line, f - hobgoblin
Aim: a hobgoblin (60% to hit)
You shoot a sling bullet.
The sling bullet completely misses the hobgoblin.
Fire: a) +1 sling
Press: ? - help, Shift-Dir - straight line, f/p - hobgoblin
Aim: a hobgoblin (black smoke, 60% to hit)
You shoot a sling bullet. The sling bullet hits the hobgoblin.
The hobgoblin is moderately wounded.
The hobgoblin barely misses you. The dart slug launches a dart at you.
The slug dart hits you.
You shoot a sling bullet. The sling bullet hits the hobgoblin.
You kill the hobgoblin!
The dart slug launches a dart at you. The slug dart hits you.
* * * LOW HITPOINT WARNING * * *
An adder comes into view.
The adder hisses angrily.
You see here a hobgoblin corpse.
You see here a +0 dagger.
The dart slug launches a dart at you. The slug dart hits you.
You die...

...).≈§≈.≈.≈.≈.§.
.................
.[...≈.≈.≈.§.§.≈.
................
....≈.≈.§.§.≈.≈.
##............
#.≈.≈.≈.≈.≈.≈.
#...).†..w....
#).@≈.§.≈.≈.≈.
#.......S.....
......##.#....##
........##........
........########..
#........ .
#......## #......


You could see an adder and a dart slug.

Vanquished Creatures
  Terence (D:2)
  2 dart slugs (D:1)
  An endoplasm (D:2)
  5 goblins
  3 hobgoblins
  3 jackals (D:1)
  4 ball pythons
  A bat (D:2)
  2 frilled lizards
  A rat (D:1)
23 creatures vanquished.

Notes
Turn   | Place    | Note
-------+----------+-------------------------------------------
     0 | D:1      | SacredBeard the Deep Elf Hexslinger began the quest for the
                  | Orb.
     0 | D:1      | Reached XP level 1. HP: 11/11 MP: 5/5
    89 | D:1      | Reached skill level 1 in Fighting
   113 | D:1      | Reached XP level 2. HP: 16/16 MP: 6/6
   491 | D:2      | Noticed Terence
   548 | D:2      | Killed Terence
   549 | D:2      | Reached XP level 3. HP: 20/20 MP: 6/8
   617 | D:2      | Noticed Robin
   641 | D:3      | Killed from afar by a dart slug

Illustrated notes

Levels and vault maps discovered:
D:1:      evilmike_arrival_crescent, layout_rooms
D:2:      layout_loops_ring, minmay_misc_feat_ornament, uniq_terence, uniq_robin
D:3:      layout_basic, nzn_hepliaklqana_mist_gate, grunt_decor_cap,
          kennysheep_crisscross, chequers_serial_rivers_micro_c

Skill      XL: |  1  2  3 |
---------------+----------+-----
Ranged Weapons | 3 4 |  4.0
Fighting       | 1 |  1.0
Spellcasting   | 2 |  2.4
Dodging        | 3 |  3.0
Hexes          | |  4.5

Action                     || total
---------------------------++-------
   Fire: Sling             ||    78
   Cast: Slow              ||     5
 Armour: Robe              ||     6
  Dodge: Dodged            ||    21
